← All builds
Front / Legion / Economy first / OBSERVED BUILD

Standard front

Legion Front build order · Supreme Isthmus

Builds a Legion Vehicle Plant immediately, fights with Lance and Barrage toward middle, and takes an Advanced Metal Extractor around 9:22 as the standard eco-first Front play.

#eco · 56 distinct matches · 24 players · 81% of Legion Front games · team won 58% of 59 · Recently observed

HOW TO PLAY IT

Key timing: Legion Vehicle Plant by 0:55

  1. Take mex and wind, then rush Legion Vehicle Plant immediately.
  2. Finish Legion Vehicle Plant fast to start Barrage and Lance.
  3. Send first units to the coast to stop leaks, not middle.
  4. Push Barrage and Lance to the coast line before moving to mid.
  5. Add Advanced Metal Extractor and keep mixed vehicle army flowing.

Phase by phase

TYPICAL OF ITS 56 GAMES
  1. 1
  2. 2
  3. 3
PLAY THE OPENING

Follow the example game's first 6:00 step by step: what to build now, what comes next, and where it goes. At 1× it keeps pace with your own game.

  1. 1

    Up to the Legion Vehicle Plant

    Economy
    • Metal Extractor2Mex
    • Wind Turbine1Wind
    Order
    1. Legion Vehicle PlantLegion Vehicle Plant after 2 mex, 1 winddone ~0:47, middle half 0:37–0:55

    By 0:24 in all: 2 mex · 1 wind

    The example game in this phase · 3 steps
    1. Mex ×2
    2. Wind
    3. Legion Bot LabLegion Bot Labdone 0:40
  2. 2

    Legion Vehicle Plant to 5:00

    Economy
    • Metal Extractor4Mex
    • Wind Turbine7Wind
    Builders
    • Legion Construction Vehicle2 Legion Construction Vehicle
    Army
    • Pharos3 Pharos
    • Wheelie3 Wheelie
    • Lance3 Lance
    • Barrage2 Barrage

    Some games also: Decurion (47%) · con turret (41%) · Radar Tower (37%)

    By 5:00 in all: 6 mex · 8 wind

    The example game in this phase · 34 steps
    1. GoblinGoblin
    2. Wind
    3. GoblinGoblin
    4. Legion Construction BotLegion Construction Bot
    5. Wind
    6. ZagreusZagreus
    7. Legion Construction BotLegion Construction Bot
    8. Mex
    9. GoblinGoblin ×2
    10. KarkinosKarkinos
    11. Mex
    12. KarkinosKarkinos
    13. Mex
    14. KarkinosKarkinos
    15. BallistaBallista
    16. Mex
    17. BallistaBallista
    18. PharosPharos ×2
    19. Legion Construction BotLegion Construction Bot
    20. PharosPharos
    21. BallistaBallista
    22. PharosPharos
    23. BallistaBallista ×2
    24. Dragon's TeethDragon's Teeth ×5
    25. Mex
    26. Dragon's TeethDragon's Teeth
    27. BallistaBallista
    28. Dragon's TeethDragon's Teeth
    29. PharosPharos
    30. BallistaBallista
    31. Dragon's TeethDragon's Teeth ×4
    32. BallistaBallista
    33. Dragon's TeethDragon's Teeth
    34. BallistaBallista ×4
  3. 3

    5:00 to 10:00

    Economy
    • Metal Extractor1Mex
    • Wind Turbine17Wind
    Builders
    • Construction Turret1 Con turret
    Army
    • Pharos2 Pharos
    • Lance3 Lance

    Some games also: Decurion (46%) · Legion Construction Vehicle (46%) · energy storage (42%) · Radar Tower (41%) · Barrage (39%)

    By 10:00 in all: 7 mex · 24 wind · 1 energy storage · 2 con turret

    The example game in this phase · 89 steps
    1. BallistaBallista ×3
    2. ZagreusZagreus
    3. BallistaBallista
    4. ZagreusZagreus ×2
    5. BallistaBallista
    6. ZagreusZagreus
    7. Wind
    8. ThugThug
    9. Wind
    10. SatyrSatyr
    11. KarkinosKarkinos
    12. Wind
    13. KarkinosKarkinos
    14. Wind
    15. KarkinosKarkinos
    16. Wind
    17. KarkinosKarkinos
    18. Advanced Metal ExtractorT2 mexdone 9:17
    19. BallistaBallista
    20. Wind
    21. BallistaBallista
    22. Legion Construction BotLegion Construction Bot
    23. Wind
    24. Legion Construction BotLegion Construction Bot ×2
    25. Energy storage
    26. Advanced Metal ExtractorT2 mex
    27. Legion Construction BotLegion Construction Bot
    28. Wind
    29. GoblinGoblin ×2
    30. Wind
    31. GoblinGoblin ×2
    32. Advanced Metal ExtractorT2 mex
    33. GoblinGoblin
    34. Wind
    35. GoblinGoblin ×3
    36. Wind
    37. GoblinGoblin ×3
    38. Advanced Metal ExtractorT2 mex
    39. GoblinGoblin
    40. Wind
    41. GoblinGoblin ×4
    42. Wind
    43. GoblinGoblin ×3
    44. Wind
    45. GoblinGoblin ×2
    46. Advanced Metal ExtractorT2 mex
    47. GoblinGoblin ×2
    48. Wind
    49. Legion Construction BotLegion Construction Bot
    50. EvisceratorEvisceratordone 13:36
    51. Wind
    52. Legion Construction BotLegion Construction Bot
    53. Con turret
    54. Legion Construction BotLegion Construction Bot
    55. Wind
    56. Legion Construction BotLegion Construction Bot
    57. Wind
    58. GoblinGoblin ×2
    59. Fortification WallFortification Wall
    60. GoblinGoblin
    61. Wind
    62. GoblinGoblin
    63. Fortification WallFortification Wall
    64. GoblinGoblin
    65. Fortification WallFortification Wall
    66. Wind
    67. GoblinGoblin ×2
    68. Fortification WallFortification Wall ×2
    69. Wind
    70. GoblinGoblin
    71. Fortification WallFortification Wall
    72. GoblinGoblin ×2
    73. Wind
    74. GoblinGoblin ×3
    75. EvisceratorEviscerator
    76. Wind
    77. GoblinGoblin ×3
    78. Wind
    79. GoblinGoblin
    80. Con turret
    81. GoblinGoblin ×3
    82. Wind
    83. GoblinGoblin ×2
    84. Wind
    85. GoblinGoblin
    86. EvisceratorEviscerator
    87. GoblinGoblin
    88. Wind
    89. GoblinGoblin ×6

Counts are medians over the build's games: half of them build more, half fewer. The example game is [BS]Hellzie's (41 OS, 03/10/2026); pick another.

Team trades

IN AT LEAST 30% OF ITS GAMES

You hand over

Nothing regular.

You get

  • Tidal Generator4 Tidal from Pondfirst at 0:15 · in 39% of games
  • Tidal Generator4 Tidal from Pondfirst at 0:17 · in 34% of games
  • Advanced Construction Bot1 T2 con bot from Geo or Techfirst at 7:21 · in 46% of games

How it plays out

Typical game of this build, running totals by minute

Metal produced

010k20k30k
0:005:0010:0015:00

metal

Enemy metal destroyed

02.5k5k7.5k
0:005:0010:0015:00

metal

Own metal lost

05k10k
0:005:0010:0015:00

metal

59 games.

Show as table
ByMetal produced: This buildEnemy metal destroyed: This buildOwn metal lost: This build
1:0033000
2:008382123
3:0016389369
4:002737275204
5:003791660400
6:0049471490930
7:00609523701439
8:00734930131961
9:00889037552931
10:001041143813770
11:001252947474213
12:001457657794939
13:001624661086040
14:001891267966680
15:002093572128266
WHAT THE NUMBERS SAY

Standard front play, won more often than the other front position's economy-first build with less metal produced.

  • + Won 59% of games despite producing less metal than Geo sea's build.
  • − Loses more metal early than it destroys (333 lost vs 602 destroyed by 5:00 is the only positive window).
THE EXAMPLE YOU ARE READING

[BS]Hellzie

41.3 OS · 03/10/2026

Open source match ↗

5 received units · includes a constructor
198 metal received · 28687 energy received

Allied construction assistance is unknown. Timings are observations, not a promise of solo reproducibility.

Typical milestones

Legion Vehicle Plant0:47Middle 50%: 0:37–0:55 · n=42
Advanced Metal Extractor9:13Middle 50%: 8:38–10:20 · n=39

Played most by

Hummell13games of this buildXuunnY8games of this buildXXMACGAMERXX5games of this build[Crd]Atlas4games of this buildTheGeneraI3games of this build